 Dungeon Crawl Stone Soup version 0.32-a0-656-g3542139ebd (webtiles) character file.

Game seed: 8023891680565967090

97 Dittersdorf the Covered (level 4, -3/29 HPs)
             Began as a Gargoyle Fighter on Mar 8, 2024.
             Slain by a gnoll
             ... wielding a +0 spear
              (4 damage)
             ... on level 3 of the Dungeon.
             The game lasted 00:01:43 (1864 turns).

Dittersdorf the Covered (Gargoyle Fighter)          Turns: 1864, Time: 00:01:43

Health: -3/29      AC: 11    Str: 21    XL:     4   Next: 68%
Magic:  13/13      EV:  9    Int:  9    God:
Gold:   100        SH:  4    Dex:  9    Spells: 3/3 levels left

rFire   . . .        a - +0 flail
rCold   . . .        c - +0 buckler
rNeg    + . .        b - +0 scale mail
rPois   ∞            m - +0 hat
rElec   +            (no cloak)
rCorr   .            (no gloves)
SInv    .            k - +0 pair of boots
Will    .....        (no amulet) Stlth
                     g - ring of wizardry
HPRegen 0.24/turn    i - ring of magical power
MPRegen 0.13/turn

%: wizardry (x1)
@: no status effects
A: sickness immunity, AC +3, negative energy resistance 1, electricity
resistance, torment resistance 1, petrification resistance
a: no special abilities


You were on level 3 of the Dungeon.
You visited 1 branch of the dungeon, and saw 3 of its levels.

You collected 100 gold pieces.

Inventory:

Hand Weapons
 a - a +0 flail (weapon)
Armour
 b - a +0 scale mail (worn)
 c - a +0 buckler (worn)
 k - a +0 pair of boots (worn)
 m - a +0 hat (worn)
Jewellery
 g - a ring of wizardry (left hand)
 i - a ring of magical power (right hand)
Scrolls
 f - 4 scrolls of identify {unknown}
 h - 2 scrolls of silence {unknown}
 j - a scroll of enchant weapon {unknown}
 l - a scroll of amnesia {unknown}
 n - a scroll of noise {unknown}
 p - a scroll of immolation {unknown}
 q - a scroll of vulnerability {unknown}
Potions
 d - a potion of might
 e - 2 potions of haste {unknown}
 o - a potion of resistance {unknown}


   Skills:
 + Level 4.1 Fighting
 + Level 2.8 Maces & Flails
 + Level 4.1 Armour
 + Level 4.0 Shields


You had 3 spell levels left.
You didn't know any spells.
Your spell library contained the following spells:

 Spells                   Type           Power      Damage    Failure   Level
 Summon Ice Beast         Ice/Summ       0%         N/A       80%         3
 Summon Mana Viper        Hex/Summ       0%         N/A       100%        5
 Monstrous Menagerie      Summ           0%         N/A       100%        7


Dungeon Overview and Level Annotations

Branches:
Dungeon (3/15)

Altars:


Innate Abilities, Weirdness & Mutations

You are immune to sickness and miasma.
Your stone body is resilient. (AC +3)
You are immune to poison.
You resist negative energy. (rN+)
You are resistant to electric shocks. (rElec)
You are resistant to unholy torment.
You are immune to petrification.


Message History

You are too injured to fight recklessly!
You are too injured to fight recklessly!
You are too injured to fight recklessly!
You are too injured to fight recklessly!
You are too injured to fight recklessly!
You are too injured to fight recklessly!
You are too injured to fight recklessly!
You are too injured to fight recklessly!
You are too injured to fight recklessly!
You are too injured to fight recklessly!
You are too injured to fight recklessly!
The gnoll closely misses you.
You barely miss the gnoll.
The gnoll is lightly wounded.
The gnoll closely misses you.
You hit the gnoll.
The gnoll is moderately wounded.
The gnoll hits you with a +0 club.
You closely miss the gnoll.
The gnoll is moderately wounded.
The gnoll hits you with a +0 club.
You hit the gnoll.
The gnoll is severely wounded.
The gnoll closely misses you. You block the gnoll's attack.
You hit the gnoll but do no damage.
The gnoll is severely wounded.
The gnoll hits you with a +0 club.
You sock the gnoll!
You kill the gnoll!
You barely miss the gnoll. The gnoll closely misses you.
The gnoll hits you but does no damage.
You closely miss the gnoll. The gnoll hits you with a +0 flail!
* * * LOW HITPOINT WARNING * * *
The gnoll hits you from afar with a +0 spear.
* * * LOW HITPOINT WARNING * * *
You block the gnoll's attack.
You barely miss the gnoll. You block the gnoll's attack. x2
You closely miss the gnoll.
The gnoll hits you from afar with a +0 spear.
You die...

..................
###.#.
############ ...[
######## #.>#
#....... ####..#
#.###### #.g)..#
#.# .....###g# #.#
.## #g# #.# #@#
#.#
#.#########.######
#.................
###########.######
#.# #.# #.# #.#
#.#


You could see 2 gnolls.

Vanquished Creatures
  2 gnolls (D:3)
  2 adders
  3 dart slugs
  A ribbon worm (D:3)
  An orc (D:3)
  2 endoplasms
  4 giant cockroaches (D:1)
  8 goblins
  6 hobgoblins
  2 jackals (D:1)
  2 quokkas
  5 ball pythons
  4 bats
  4 frilled lizards
  A rat (D:1)
47 creatures vanquished.

Notes
Turn   | Place    | Note
-------+----------+-------------------------------------------
     0 | D:1      | Dittersdorf the Gargoyle Fighter began the quest for the
                  | Orb.
     0 | D:1      | Reached XP level 1. HP: 14/14 MP: 1/1
   111 | D:1      | Reached XP level 2. HP: 19/19 MP: 2/2
   273 | D:1      | You fall into a shaft and drop 1 floor!
   312 | D:2      | Reached XP level 3. HP: 23/23 MP: 3/3
   573 | D:1      | Found a faded altar of an unknown god.
  1501 | D:2      | Reached XP level 4. HP: 29/29 MP: 4/4
  1862 | D:3      | HP: 1/29 [gnoll/+0 spear (3)]
  1864 | D:3      | Slain by a gnoll

Illustrated notes

Levels and vault maps discovered:
D:1:      psy_arrival_whirlpool, layout_loops_ring,
          dreamdust_ecumenical_altar_angels_and_demons
D:2:      layout_basic
D:3:      wad_pebble_path, layout_basic, mainiacjoe_overflow_big_doors,
          serial_aquarium, aquarium_bridge_square [aquarium_subvault_balcony,
          aquarium_subvault_wall, aquarium_subvault_bridge,
          aquarium_subvault_bridge], aquarium_window_2, aquarium_window_corner,
          aquarium_window_corner, aquarium_window_2, aquarium_view_2a,
          aquarium_balcony_5a, aquarium_pool_double, uniq_robin

Skill      XL: |  1  2  3  4 |
---------------+-------------+-----
Fighting       | 4 |  4.1
Armour         | 4 |  4.1
Shields        | 4 |  4.0
Maces & Flails | |  2.8

Action                     |  1- 3 |  4- 6 || total
---------------------------+-------+-------++-------
  Melee: Flail             |   137 |    35 ||   172
 Armour: Scale mail        |   149 |    23 ||   172
  Dodge: Dodged            |    79 |    21 ||   100
  Block: Buckler           |    26 |     9 ||    35

Table legend: (Time is in decaauts)
 A = Elapsed time spent in this place.
 B = Non-inter-level travel time spent in this place.
 C = Inter-level travel time spent in this place.
 D = Time resting spent in this place.
 E = Time spent auto-exploring this place.
 F = Levels seen in this place.
 G = Mean time per level.
                   A        B        C        D        E       F      G
               +--------+--------+--------+--------+--------+-----+--------+
         Total |   1916 |   1859 |     57 |      0 |   1419 |   3 |  638.7 |
       Dungeon |   1916 |   1859 |     57 |      0 |   1419 |   3 |  638.7 |
               +--------+--------+--------+--------+--------+-----+--------+

Top non-repeatable levels by time:
     D:1: 888 daAuts
     D:2: 882 daAuts
     D:3: 145 daAuts
